Map: Vigía EE

Players

TATORREA

  • Race: Protoss Protoss
  • League: Silver
  • Spawn Location: 9:00

tigro

  • Race: Terran Terran
  • League: Bronze
  • Spawn Location: 9:00

MrFercho

  • Race: Terran Terran
  • League: Silver
  • Spawn Location: 12:00

alejandro

  • Race: Zerg Zerg
  • League: Silver
  • Spawn Location: 5:00

Rodrigo

  • Race: Protoss Protoss
  • League: Bronze
  • Spawn Location: 6:00

efrain

  • Race: Zerg Zerg
  • League: Silver
  • Spawn Location: 5:00

VOD

Have the link to the VOD?

Description

Time

  • Played on: June 3, 2020, 9:28 p.m.
  • Length: 4:38
Show
View Real Time Build Order
Export as new Build Order

TATORREA Protoss 

Build Orders:  

Get SALT Encoding   

  12  0:01  Probe  
  13  0:22  Pylon  
  13  0:29  Probe (Chrono Boost)  
  14  0:39  Probe (Chrono Boost)  
  15  0:44  Probe (Chrono Boost)  
  16  0:50  Gateway  
  16  0:55  Probe  
  17  1:07  Probe  
  17  1:08  Assimilator  
  18  1:19  Probe  
  19  1:31  Probe  
  20  1:53  Pylon  
  12  2:34  Probe  
  4  2:57  Probe  
  5  3:12  Probe  
  8  3:24  Probe  
  9  3:36  Probe  
  10  3:42  Pylon  
  10  3:45  Pylon  
  10  3:48  Probe  
  11  4:00  Probe  
  10  4:09  Gateway  
  10  4:12  Gateway, Probe (Chrono Boost)  
  11  4:22  Probe (Chrono Boost)  
Show
View Real Time Build Order
Export as new Build Order

tigro Terran 

Build Orders:  

Get SALT Encoding   

  12  0:04  SCV  
  13  0:16  SCV  
  14  0:21  Supply Depot  
  14  0:28  SCV  
  15  0:43  SCV  
  16  0:55  Barracks, SCV  
  17  1:00  Refinery  
  17  1:07  SCV  
  18  1:11  Refinery  
  18  1:19  SCV  
  19  1:31  SCV  
  20  1:42  Supply Depot  
  20  1:43  SCV  
  21  1:49  Marine  
  22  1:55  SCV  
  23  2:02  Barracks  
  23  2:06  Marine  
  23  2:08  SCV  
  25  2:20  SCV  
  25  2:24  Marine  
  26  2:42  Marine  
  27  3:00  Marine  
  26  3:22  Barracks Tech Lab  
  26  3:24  Barracks Tech Lab  
  26  3:27  Orbital Command  
  25  3:53  Marauder  
  27  3:58  Marauder  
  29  4:15  Marauder  
Show
View Real Time Build Order
Export as new Build Order

MrFercho Terran 

Build Orders: Command Center First (CC) 

Get SALT Encoding   

  12  0:01  SCV  
  13  0:13  SCV  
  14  0:25  SCV  
  15  0:43  Supply Depot  
  15  1:08  Command Center  
  15  1:15  Barracks  
  15  1:40  SCV  
  16  1:52  SCV  
  17  2:02  Marine  
  18  2:20  Marine  
  18  3:30  Refinery  
  17  4:07  Marine  
  19  4:33  Engineering Bay  
Show
View Real Time Build Order
Export as new Build Order

alejandro Zerg 

Build Orders: Pool First 

Get SALT Encoding   

  12  0:05  Drone  
  13  0:13  Overlord  
  13  0:19  Drone  
  14  0:35  Drone x2  
  16  0:52  Drone x2  
  16  0:56  Spawning Pool  
  17  1:01  Overlord  
  17  1:32  Extractor, Drone x2  
  17  1:33  Drone  
  19  2:02  Zergling x2  
  19  2:03  Zergling x2  
  21  2:34  Zergling x6  
  24  2:55  Hatchery  
  23  3:33  Zergling x6  
  26  3:53  Queen  
Show
View Real Time Build Order
Export as new Build Order

Rodrigo Protoss 

Build Orders:  

Get SALT Encoding   

  12  0:05  Probe  
  13  0:21  Pylon  
  13  0:54  Probe  
  14  1:01  Pylon  
  14  1:02  Forge  
  14  1:06  Probe  
  15  1:18  Probe  
  16  1:30  Probe  
  17  1:47  Photon Cannon  
  17  1:54  Photon Cannon  
  17  2:02  Pylon  
  17  2:27  Photon Cannon  
  17  3:03  Pylon  
  17  3:13  Pylon  
  17  3:27  Photon Cannon  
  17  3:44  Photon Cannon  
  17  4:00  Pylon  
  17  4:15  Pylon  
  17  4:31  Photon Cannon  
  17  4:38  Photon Cannon  
Show
View Real Time Build Order
Export as new Build Order

efrain Zerg 

Build Orders: Hatch First 

Get SALT Encoding   

  12  0:02  Drone  
  13  0:13  Overlord  
  13  0:20  Drone  
  14  0:35  Drone x2  
  15  0:36  Drone  
  17  1:03  Extractor  
  16  1:07  Extractor, Drone x2  
  17  1:47  Drone x3  
  20  2:04  Drone  
  20  2:06  Hatchery  
  20  2:30  Spawning Pool  
  20  2:32  Drone x3  
  22  3:00  Overlord x2  
  22  3:09  Hatchery  
  21  3:24  Drone x2  
  23  3:31  Drone x2  
  25  3:45  Hatchery  
  24  3:52  Drone x2  
  26  3:55  Queen  
  26  3:58  Extractor  
  26  4:01  Zergling x2  
  26  4:02  Zergling x4  
Tags
 
Add a new tag
Caveats
  • Supply blocks, unpowered buildings, or Contaminate may cause inaccurate times.
  • Supply counts are checked every 10 seconds.